 Dungeon Crawl Stone Soup version 0.22-a0-32-ga749362 (webtiles) character file.

179 torrenera the Firebug (level 5, -2/28 HPs)
             Began as a Deep Elf Fire Elementalist on Jan 3, 2018.
             Slain by Regeox's ghost (10 damage)
             ... on level 3 of the Dungeon.
             The game lasted 00:06:25 (3370 turns).

torrenera the Firebug (Deep Elf Fire Elementalist)  Turns: 3370, Time: 00:06:25

Health: -2/28      AC:  3    Str:  5    XL:     5   Next: 33%
Magic:  4/14       EV: 13    Int: 21    God:
Gold:   132        SH:  0    Dex: 15    Spells: 8/14 levels left

rFire    . . .     SeeInvis .   k - +0 spear
rCold    . . .     Gourm    .   (no shield)
rNeg     . . .     Faith    .   a - +0 robe
rPois    .         Spirit   .   d - +0 helmet
rElec    .         Reflect  .   (no cloak)
rCorr    .         Harm     .   (no gloves)
MR       .....                  (no boots)
Stlth    ++........             (no amulet)
HPRegen  0.09/turn              (no ring)
MPRegen  0.14/turn              (no ring)

@: no status effects
A: no striking features
a: no special abilities


You were on level 3 of the Dungeon.
You were hungry.

You visited 1 branch of the dungeon, and saw 3 of its levels.

You collected 132 gold pieces.

Inventory:

Hand Weapons
 k - a +0 spear (weapon)
Armour
 a - a +0 robe (worn)
 d - a +0 helmet (worn)
Jewellery
 h - an uncursed amulet of regeneration {unknown}
Scrolls
 g - 2 scrolls of identify {unknown}
 i - 3 scrolls of remove curse {unknown}
 j - a scroll of blinking {unknown}
 l - a scroll of noise {unknown}
 m - a scroll of enchant armour {unknown}
 q - 2 scrolls of teleportation {unknown}
Potions
 e - a potion of magic {unknown}
 f - 4 potions of curing {unknown}
 n - a potion of flight {unknown}
 p - a potion of brilliance {unknown}
Books
 b - a book of Flames

   Spells                             Type                      Level
   a - Flame Tongue                   Conjuration/Fire             1
   b - Throw Flame                    Conjuration/Fire             2
   c - Conjure Flame                  Conjuration/Fire             3
   d - Inner Flame                    Hexes/Fire                   3
   e - Sticky Flame                   Conjuration/Fire             4
   f - Fireball                       Conjuration/Fire             5
Comestibles
 c - 4 rations
 o - a chunk of flesh


   Skills:
 - Level 2.4 Dodging
 - Level 2.4 Stealth
 + Level 5.2 Spellcasting
 - Level 1.1 Conjurations
 + Level 5.6 Fire Magic


You had 8 spell levels left.
You knew the following spells:

 Your Spells              Type           Power        Failure   Level  Hunger
a - Flame Tongue          Conj/Fire      ###..        2%          1    None
b - Throw Flame           Conj/Fire      ###...       4%          2    None
c - Conjure Flame         Conj/Fire      ###.....     8%          3    ##.....


Dungeon Overview and Level Annotations

Branches:
Dungeon (3/15)

Altars:
Makhleb

Annotations:
D:3 Regeox's ghost, amateur DsCK


Message History

Aim: Regeox's ghost (lightly damaged)
The flame tongue hits Regeox's ghost.
Regeox's ghost is lightly damaged.
Regeox's ghost barely misses you.
Casting: Flame Tongue
Confirm with . or Enter, or press ? or * to list all spells.
Aiming: Flame Tongue
Press: ? - help, Shift-Dir - straight line, f/p - Regeox's ghost
Aim: Regeox's ghost (lightly damaged)
The flame tongue misses Regeox's ghost.
Regeox's ghost hits you.
Casting: Flame Tongue
Confirm with . or Enter, or press ? or * to list all spells.
Aiming: Flame Tongue
Press: ? - help, Shift-Dir - straight line, f/p - Regeox's ghost
Aim: Regeox's ghost (lightly damaged)
The flame tongue misses Regeox's ghost.
Regeox's ghost hits you!
Ouch! That really hurt!
* * * LOW HITPOINT WARNING * * *
Regeox's ghost hits you!
You die...

#.# #.# #.# #.# #.#
#.# #.# #@# #W# #.#
##.# #.# #.[# #.#
####)#### #.#
#...)...# #.#
#.##.##>#
#.##########.##.##.#
#.#..........##.##.#


You could see Regeox's ghost.

Vanquished Creatures
  2 orc wizards (D:3)
  5 adders
  An ooze (D:1)
  5 worms
  4 dart slugs
  A leopard gecko (D:3)
  2 orcs
  4 giant cockroaches
  5 goblins
  4 hobgoblins
  4 jackals (D:1)
  7 kobolds
  A ball python (D:2)
  3 bats (D:1)
  2 frilled lizards
  3 rats
53 creatures vanquished.

Notes
Turn   | Place    | Note
-------+----------+-------------------------------------------
     0 | D:1      | torrenera the Deep Elf Fire Elementalist began the quest for the Orb.
     0 | D:1      | Reached XP level 1. HP: 10/10 MP: 6/6
   201 | D:1      | Reached XP level 2. HP: 15/15 MP: 0/8
   560 | D:1      | Learned a level 2 spell: Throw Flame
   913 | D:1      | Reached XP level 3. HP: 17/19 MP: 10/10
  1779 | D:2      | Found a burning altar of Makhleb.
  2251 | D:2      | Learned a level 3 spell: Conjure Flame
  2489 | D:3      | Reached XP level 4. HP: 24/24 MP: 4/12
  2557 | D:3      | Reached skill level 5 in Fire Magic
  2981 | D:3      | Reached XP level 5. HP: 20/28 MP: 10/14
  3046 | D:3      | Reached skill level 5 in Spellcasting
  3315 | D:3      | Noticed Regeox's ghost (amateur DsCK)
  3370 | D:3      | Slain by Regeox's ghost

Vault maps used:
D:1:      dpeg_arrival_chase
D:2:      lemuel_crystal_altar
D:3:      lemuel_crystal_altar, first_ration, grunt_ministairs_9, minivault_24

Skill      XL: |  1  2  3  4  5 |
---------------+----------------+-----
Fire Magic     | 4 5 |  5.6
Spellcasting   | 4 5 |  5.2
Dodging        | |  2.4
Stealth        | |  2.4
Conjurations   | |  1.1

Action                   |  1- 3 |  4- 6 || total
-------------------------+-------+-------++-------
Melee: Dagger            |    17 |       ||    17
       Spear             |    34 |    11 ||    45
 Cast: Flame Tongue      |    45 |    35 ||    80
       Throw Flame       |     8 |     6 ||    14
       Conjure Flame     |       |     1 ||     1
 Stab: Sleeping          |     6 |       ||     6
  Eat: Chunk             |     5 |     2 ||     7
Armor: Robe              |    10 |     2 ||    12
Dodge: Dodged            |    40 |    17 ||    57

Table legend:
 A = Spawn XP
 B = Non-spawn XP
 C = Spawn XP percentage of total XP
 D = Spawn monster count
 E = Non-spawn monster count
 F = Spawn count percentage of total count
 G = Total turns spent on level
                    A         B        C        D         E        F      G
               +---------+---------+-------+---------+---------+-------+---------
         Total |       0 |     257 |   0.0 |       0 |      53 |   0.0 |  3370
               +---------+---------+-------+---------+---------+-------+---------
           D:1 |       0 |      43 |   0.0 |       0 |      20 |   0.0 |  1122
           D:2 |       0 |      55 |   0.0 |       0 |      17 |   0.0 |  1653
           D:3 |       0 |     159 |   0.0 |       0 |      16 |   0.0 |   595
               +---------+---------+-------+---------+---------+-------+---------
